cohdb
Replays
Latest Replays
All Replays
Popular Replays
Top Player Replays
Match Explorer
How It Works
Community
CoH3 Stats
Reddit
Sign in to upload your games and track your stats! →
Sign in with Steam
Match 41473444
Unlisted
Match 41473444
Overview
Messages
Build Orders
End
Construct Section Command Post
Selects Heavy Armor Battlegroup
Infantry Section
ML 3-inch Mortar Team
Infantry Section
Vickers Machine Gun Team
Selects Rigorous Vehicle Training
Construct Field Infirmary
Construct Platoon Command Post
Selects Forward Repair Assembly
6-pounder Anti-tank Gun Team
Unlock Bishop Self-propelled Artillery
Bishop Self-propelled Artillery
CMP 15cwt Truck
Infantry Section
Grenade Package
Light Vehicle Training
Construct Company Command Post
Crusader II Medium Tank
Royal Engineer Section
Selects Churchill Black Prince Heavy Tank
Churchill Black Prince Heavy Tank
Armored Vehicle Training
Crusader II Medium Tank
Crusader II Medium Tank
Particycles
狂歌
Cortli
Oras
CEO of S. E. Horny Department
Cute P$ssy
0
0
Comments
sign in to comment!
No comments posted yet!